 Dungeon Crawl Stone Soup version 0.23-a0-831-g5da158a (webtiles) character file.

66 tidbits the Ducker (level 4, 12/38 HPs)
             Began as a Gnoll Wanderer on Jan 23, 2019.
             Quit the game on level 4 of the Dungeon.
             The game lasted 00:04:00 (371 turns).

tidbits the Ducker (Gnoll Wanderer)                  Turns: 371, Time: 00:04:01

Health: 12/38      AC:  5    Str: 16 (17) XL:     4   Next: 15%
Magic:  3/6        EV: 20    Int: 20 (21) God:
Gold:   26         SH:  0    Dex: 13 (16) Spells: 5/5 levels left

rFire    . . .     SeeInvis .     - Unarmed
rCold    . . .     Gourm    .   (no shield)
rNeg     . . .     Faith    .   B - +0 ring mail
rPois    .         Spirit   .   (helmet restricted)
rElec    .         Reflect  .   (no cloak)
rCorr    .         Harm     .   (no gloves)
MR       .....                  (no boots)
Stlth    +++.......             (no amulet)
HPRegen  0.12/turn              (no ring)
MPRegen  0.10/turn              (no ring)

@: brilliant, agile
A: distributed training, fangs 1, horns 1, repulsion field 1, strong nose
a: no special abilities


You were on level 4 of the Dungeon.
You were full.

You visited 1 branch of the dungeon, and saw 4 of its levels.

You collected 26 gold pieces.

Inventory:

Hand Weapons
 a - a +2 spear
 e - a +0 dagger
Missiles
 h - 6 arrows
Armour
 d - a +0 robe
 B - a +0 ring mail (worn)
 E - a +0 helmet
Scrolls
 f - a scroll of teleportation
 g - a scroll of magic mapping {unknown}
 i - a scroll of immolation {unknown}
Potions
 l - a potion of brilliance
Comestibles
 c - 3 rations


   Skills:
 + Level 4.6 Fighting
 + Level 1.0 Short Blades
 + Level 1.0 Long Blades
 + Level 1.0 Axes
 + Level 1.0 Maces & Flails
 + Level 4.6 Polearms
 + Level 1.0 Staves
 + Level 1.0 Slings
 + Level 1.0 Bows
 + Level 1.0 Crossbows
 + Level 1.0 Throwing
 + Level 2.7 Armour
 + Level 4.6 Dodging
 + Level 4.2 Stealth
 + Level 1.0 Shields
 + Level 1.0 Unarmed Combat
 + Level 1.0 Spellcasting
 + Level 0.7 Conjurations
 + Level 0.7 Hexes
 + Level 0.7 Charms
 + Level 0.7 Summonings
 + Level 0.7 Necromancy
 + Level 0.7 Translocations
 + Level 0.7 Transmutations
 + Level 0.7 Fire Magic
 + Level 0.7 Ice Magic
 + Level 0.7 Air Magic
 + Level 0.7 Earth Magic
 + Level 0.7 Poison Magic
 + Level 1.1 Invocations
 + Level 2.7 Evocations


You had 5 spell levels left.
You didn't know any spells.
Your spell library was empty.

Dungeon Overview and Level Annotations

Branches:
Dungeon (4/15)
 Temple: D:4-7

Altars:

Annotations:
D:4 Pikel


Innate Abilities, Weirdness & Mutations

Your experience applies equally to all skills.
You have very sharp teeth.
Your uncanny sense of smell can sniff out nearby items.
You have a pair of small horns on your head.
You are surrounded by a mild repulsion field. (EV +2)


Message History

You feel clever all of a sudden.
A slave comes into view.
The slave hits you.
* * * LOW HITPOINT WARNING * * *
It was a potion of degeneration.
There was something very wrong with that liquid.
You feel weakened.
You feel dopey.
You feel clumsy. The slave hits you but does no damage.
It was a potion of agility.
You feel agile all of a sudden. The slave hits you but does no damage.
You closely miss the slave.
The slave is moderately wounded.
The slave hits you but does no damage.
You closely miss the slave.
The slave is moderately wounded.
The slave barely misses you.
Unknown command.
You barely miss the slave.
The slave is moderately wounded.
The slave hits you but does no damage.
You smack the slave!
The slave is heavily wounded.
You hit the slave.
The slave is heavily wounded.
The slave completely misses you.
You barely miss the slave.
The slave is heavily wounded.
The slave hits you but does no damage.
You barely miss the slave.
The slave is heavily wounded.
The slave hits you but does no damage.
Pikel says, "I just want to get paid!"
You hit the slave.
The slave is severely wounded.
Your transformation is almost over.
The slave hits you but does no damage.
You hit the slave but do no damage.
The slave is severely wounded.
The slave hits you but does no damage.
You hit the slave but do no damage.
The slave is severely wounded.
The slave hits you.
* * * LOW HITPOINT WARNING * * *
You smack the slave!
You kill the slave!
That felt strangely unrewarding.
You hit the scorpion.
The scorpion is lightly wounded.
The scorpion stings you but does no damage.
You hit the scorpion.
The scorpion is moderately wounded.
The scorpion stings you.
* * * LOW HITPOINT WARNING * * *
You smack the scorpion!
The scorpion is severely wounded.
The scorpion completely misses you.
You barely miss the scorpion.
The scorpion is severely wounded.
The scorpion stings you but does no damage.
You hit the scorpion.
The scorpion is almost dead.
The scorpion stings you but does no damage.
You hit the scorpion.
You kill the scorpion!
You feel your strength returning.
You feel your intelligence returning.
Your Short Blades skill increases to level 1!
Your Long Blades skill increases to level 1!
Your Axes skill increases to level 1!
Your Maces & Flails skill increases to level 1!
Your Staves skill increases to level 1!
Your Slings skill increases to level 1!
Your Bows skill increases to level 1!
Your Crossbows skill increases to level 1!
Your Throwing skill increases to level 1!
Your Shields skill increases to level 1!
Your Unarmed Combat skill increases to level 1!
Your Spellcasting skill increases to level 1!
Your Invocations skill increases to level 1!
You have reached level 3!
Your experience leads to an increase in your attributes!
Your base attributes are Str 16, Int 15, Dex 11.
Increase (S)trength, (I)ntelligence, or (D)exterity?
You feel clever.
You have reached level 4!
You feel stronger.
You feel less wooden.
Your +0 helmet unmelds from your body.
Your +0 ring mail unmelds from your body.
Wield which item (- for none, * to show all)? (? for menu, Esc to quit)
Okay, then.
It was a potion of mutation.
You feel extremely strange. A pair of horns grows on your head!
Your +0 helmet falls away!
You begin to radiate repulsive energy.
Pikel says, "Slavery isn't that bad."
Pikel misses you.
Wield which item (- for none, * to show all)? (? for menu, Esc to quit)
Okay, then.
Unknown command.
Are you sure you want to abandon this character and quit the game? (Confirm with "yes".)

∆
#.#.#####
....ppK?#
#@# #.#
#.# ###
#.# #..
#.# #.#
#.# #.#
#.# #.#
#.#
#.#####.#


You could see Pikel and 2 slaves.

Vanquished Creatures
  A slave (D:4)
  A scorpion (D:4)
  A worm (D:3)
  A dart slug (D:3)
  2 giant cockroaches
  A jackal (D:1)
  A bat (D:2)
  A frilled lizard (D:2)
  A goblin (D:2)
  4 kobolds (D:1)
  A rat (D:3)
15 creatures vanquished.

Notes
Turn   | Place    | Note
-------+----------+-------------------------------------------
     0 | D:1      | tidbits the Gnoll Wanderer began the quest for the Orb.
     0 | D:1      | tidbits set off with the following items: a +2 spear, a
                  | potion of lignification, a scroll of teleportation, a +0
                  | robe, a +0 dagger, a ration
     0 | D:1      | Reached XP level 1. HP: 20/20 MP: 2/2
    68 | D:1      | Reached XP level 2. HP: 25/26 MP: 3/3
   344 | D:4      | Noticed Pikel
   344 | D:4      | Noticed a slave
   344 | D:4      | Noticed a scorpion
   348 | D:4      | Noticed a slave
   348 | D:4      | Noticed a slave
   350 | D:4      | Noticed a slave
   363 | D:4      | Killed a slave
   369 | D:4      | Killed a scorpion
   369 | D:4      | Reached skill level 1 in Short Blades
   369 | D:4      | Reached skill level 1 in Long Blades
   369 | D:4      | Reached skill level 1 in Axes
   369 | D:4      | Reached skill level 1 in Maces & Flails
   369 | D:4      | Reached skill level 1 in Staves
   369 | D:4      | Reached skill level 1 in Slings
   369 | D:4      | Reached skill level 1 in Bows
   369 | D:4      | Reached skill level 1 in Crossbows
   369 | D:4      | Reached skill level 1 in Throwing
   369 | D:4      | Reached skill level 1 in Shields
   369 | D:4      | Reached skill level 1 in Unarmed Combat
   369 | D:4      | Reached skill level 1 in Spellcasting
   369 | D:4      | Reached skill level 1 in Invocations
   369 | D:4      | Reached XP level 3. HP: 15/31 MP: 3/5
   369 | D:4      | Reached XP level 4. HP: 18/38 MP: 3/6
   370 | D:4      | Gained mutation: You have a pair of small horns on your
                  | head. [potion of mutation]
   370 | D:4      | Gained mutation: You are surrounded by a mild repulsion
                  | field. (EV +2) [potion of mutation]
   371 | D:4      | Quit the game

Vault maps used:
D:1:      ebering_trefoil_twist, dk_noncrumbling_4, minmay_misc_feat_hallway
D:2:      nrook_loot_triangle, kennysheep_generic_room_3
D:4:      kennysheep_slug_shrine, uniq_pikel

Skill      XL: |  1  2 |
---------------+-------+-----
Short Blades   | 1 |  1.0
Long Blades    | 1 |  1.0
Axes           | 1 |  1.0
Maces & Flails | 1 |  1.0
Staves         | 1 |  1.0
Slings         | 1 |  1.0
Bows           | 1 |  1.0
Crossbows      | 1 |  1.0
Throwing       | 1 |  1.0
Shields        | 1 |  1.0
Unarmed Combat | 1 |  1.0
Spellcasting   | 1 |  1.0
Invocations    | 1 |  1.1
Fighting       | |  4.6
Polearms       | |  4.6
Armour         | |  2.7
Dodging        | |  4.6
Stealth        | |  4.2
Conjurations   | |  0.7
Hexes          | |  0.7
Charms         | |  0.7
Summonings     | |  0.7
Necromancy     | |  0.7
Translocations | |  0.7
Transmutations | |  0.7
Fire Magic     | |  0.7
Ice Magic      | |  0.7
Air Magic      | |  0.7
Earth Magic    | |  0.7
Poison Magic   | |  0.7
Evocations     | |  2.7

Action                   |  1- 3 |  4- 6 || total
-------------------------+-------+-------++-------
Melee: Spear             |    47 |       ||    47
       Bite              |     4 |       ||     4
       Unarmed           |    18 |       ||    18
  Use: Potion            |     4 |     1 ||     5
 Stab: Sleeping          |     4 |       ||     4
  Eat: Ration            |     1 |       ||     1
Armor: Robe              |     8 |       ||     8
       Skin              |    12 |       ||    12
Dodge: Dodged            |    21 |     1 ||    22

Table legend:
 A = Non-vault XP
 B = Vault XP
 C = Vault XP percentage of total XP
 D = Non-vault monster count
 E = Vault monster count
 F = Vault count percentage of total count
                 A         B        C        D         E       F
            +---------+---------+-------+---------+---------+-------
      Total |      95 |       0 |   0.0 |      14 |       0 |   0.0
            +---------+---------+-------+---------+---------+-------
        D:1 |      10 |       0 |   0.0 |       6 |       0 |   0.0
        D:2 |       5 |       0 |   0.0 |       4 |       0 |   0.0
        D:3 |      10 |       0 |   0.0 |       3 |       0 |   0.0
        D:4 |      70 |       0 |   0.0 |       1 |       0 |   0.0
            +---------+---------+-------+---------+---------+-------

Table legend:
 A = Turns spent in this place as a percentage of turns spent in the entire game.
 B = Non-inter-level travel turns spent in this place as a percentage of non-inter-level travel turns spent in the entire game.
 C = Inter-level travel turns spent in this place as a percentage of turns spent in this place.
 D = Turns resting spent in this place as a percentage of non-inter-level travel turns spent in this place.
 E = Turns spent auto-exploring this place as a percentage of non-inter-level travel turns spent in this place.
 F = Non-inter-level travel turns spent in this place divided by the number of levels of this place that you've seen.
                   A       B       C       D       E      F
               +-------+-------+-------+-------+-------+----------------------
         Total | 100.0 | 100.0 |   2.4 |   0.0 |   0.0 |  90.5
       Dungeon | 100.0 | 100.0 |   2.4 |   0.0 |   0.0 |  90.5
               +-------+-------+-------+-------+-------+----------------------

Table legend:
 A = Kills in this place as a percentage of kills in entire the game.
 B = Kills by you in this place as a percentage of kills by you in the entire game.
 C = Kills by friends in this place as a percentage of kills by friends in the entire game.
 D = Other kills in this place as a percentage of other kills in the entire game.
 E = Experience gained in this place as a percentage of experience gained in the entire game.
 F = Experience gained in this place divided by the number of levels of this place that you have seen.
                   A       B       C       D       E      F
               +-------+-------+-------+-------+-------+----------------------
         Total | 100.0 | 100.0 |   N/A |   N/A | 100.0 |  23.8
       Dungeon | 100.0 | 100.0 |   N/A |   N/A | 100.0 |  23.8
               +-------+-------+-------+-------+-------+----------------------

Vault maps used:
D:1:      ebering_trefoil_twist, dk_noncrumbling_4, minmay_misc_feat_hallway
D:2:      nrook_loot_triangle, kennysheep_generic_room_3
D:4:      kennysheep_slug_shrine, uniq_pikel
